Warning! The script has encountered some errors when parsing the replay. Please report them to the . » details
0x00, prev: 0x16: 16 02 01 00 0D 42 00 00 F1 A4 00 00 [00] 00 00 00 00 00 00 00 00 00 00 00 00 00 00 00 00 00 00 00 00 00 00 00 00 00
0x00, prev: 0x00: 16 02 01 00 0D 42 00 00 F1 A4 00 00 00 00 00 00 00 00 00 00 00 00 00 00 00 00 00 00 00 00 00 00 00 00 00 00 [00] 00
0x00, prev: 0x02: 16 02 01 00 D7 41 00 00 CB A5 00 00 00 00 00 00 00 00 00 00 00 00 00 00 00 00 00 00 00 00 00 00 00 00 00 00 02 [00] 03 03 00 18 00 03 04 6E 00 16 02 0A 00 E9 40 00 00 76 A8 00 00 2E 43 00 00 47 1F 02 00 6E 43 00 00 43 2D 03 00 7C 43 00 00 70 1F 02 00 73 44 00 00 C0 1E 01 00 B4 46 00 00 40 EE 00 00 81 49 00 00 E3 3A 01 00 9C 5A 00 00 FB 3D 02 00 BB 5B 00 00 22 3E 02 00 A9 5D 00 00 71 21 03 00 16 01 01 00 54 50 00 00 5A 50 00 00 1A 19 73 61 63 68 54 50 00 00 5A 50 00 00
0x00, prev: 0x04: 16 02 01 00 5A 53 00 00 11 C1 00 00 00 00 00 00 00 00 00 00 00 00 00 00 00 00 00 00 00 00 00 00 00 00 00 00 04 [00]
0x00, prev: 0x05: 16 02 01 00 D7 41 00 00 CB A5 00 00 00 00 00 00 00 00 00 00 00 00 00 00 00 00 00 00 00 00 00 00 00 00 00 00 05 [00]
General information
- name: BNet
- type: Ladder team game (AT/RT)
- host: Battle.net
- saver: brucewillisusa
map: Highperch
- players: 6
- length: 29:27
- speed: Fast
- version: 1.23 W3XP
- replay type: Public
» download(134 KB)
Players
team 1 (winner)
avid.milk2 (
pink | 55 APM | 865 actions | 15:43)
1 Mountain King
1 Storm Bolt
1 Archmage
1 Blizzard
» actions
| Assign group hotkey | 31 | |
| Basic commands | 15 | |
| Build / train | 152 | |
| Enter build submenu | 66 | |
| Enter hero's abilities submenu | 2 | |
| Right click | 223 | |
| Select / deselect | 251 | |
| Select group hotkey | 39 | |
| Use ability | 86 | |
865 total
» units
| Peasant | 24 | |
| Mortar Team | 9 | |
| Flying Machine | 1 | |
34 total
» upgrades
| Masonry | 3 | |
| Swords | 2 | |
| Flare | 1 | |
| Magic Sentry | 1 | |
| Lumber Harvesting | 2 | |
| Sorceress Training | 1 | |
| Priest Training | 1 | |
| Armor | 1 | |
12 total
» buildings
| Altar of Kings | 1 | |
| Farm | 13 | |
| Lumber Mill | 1 | |
| Scout Tower | 45 | |
| Arcane Tower | 5 | |
| Guard Tower | 85 | |
| Keep | 4 | |
| Arcane Vault | 2 | |
| Blacksmith | 2 | |
| Town Hall | 1 | |
| Workshop | 4 | |
| Arcane Sanctum | 1 | |
| Gryphon Aviary | 2 | |
| Castle | 2 | |
168 total
» build order
00:10 Altar of Kings
00:15 Farm
00:40 Lumber Mill
01:33 Farm
01:48 Scout Tower
01:55 Scout Tower
02:01 Scout Tower
02:07 Scout Tower
02:12 Scout Tower
02:34 Farm
02:38 Arcane Tower
02:39 Guard Tower
02:39 Guard Tower
02:40 Guard Tower
02:40 Guard Tower
02:43 Scout Tower
02:44 Guard Tower
02:45 Guard Tower
02:46 Scout Tower
02:49 Scout Tower
02:50 Guard Tower
02:51 Guard Tower
02:51 Guard Tower
02:51 Guard Tower
03:01 Scout Tower
03:03 Scout Tower
03:06 Scout Tower
03:10 Scout Tower
03:20 Scout Tower
03:24 Scout Tower
03:25 Scout Tower
03:32 Guard Tower
03:33 Guard Tower
03:33 Guard Tower
03:33 Guard Tower
03:38 Guard Tower
03:39 Guard Tower
03:39 Guard Tower
03:42 Guard Tower
03:42 Guard Tower
03:44 Guard Tower
03:45 Guard Tower
03:45 Guard Tower
03:57 Guard Tower
03:57 Guard Tower
04:05 Guard Tower
04:05 Guard Tower
04:05 Guard Tower
04:25 Guard Tower
04:27 Scout Tower
04:30 Scout Tower
04:33 Scout Tower
04:35 Scout Tower
04:39 Scout Tower
04:40 Scout Tower
04:41 Scout Tower
04:47 Guard Tower
04:51 Arcane Tower
04:51 Arcane Tower
04:51 Arcane Tower
04:52 Arcane Tower
04:55 Scout Tower
04:57 Scout Tower
05:02 Keep
05:02 Keep
05:02 Keep
05:05 Guard Tower
05:05 Guard Tower
05:05 Guard Tower
05:12 Guard Tower
05:15 Scout Tower
05:22 Scout Tower
05:23 Scout Tower
05:24 Scout Tower
05:27 Scout Tower
05:31 Scout Tower
05:33 Scout Tower
05:37 Scout Tower
05:48 Guard Tower
05:51 Guard Tower
05:51 Guard Tower
05:51 Guard Tower
05:52 Guard Tower
06:09 Scout Tower
06:12 Arcane Vault
06:15 Guard Tower
06:15 Guard Tower
06:15 Guard Tower
06:24 Guard Tower
06:25 Guard Tower
06:25 Guard Tower
06:45 Blacksmith
06:51 Scout Tower
06:53 Scout Tower
06:55 Scout Tower
06:57 Scout Tower
07:02 Guard Tower
07:16 Town Hall
07:21 Scout Tower
07:22 Scout Tower
07:26 Scout Tower
07:40 Guard Tower
07:41 Guard Tower
07:41 Guard Tower
07:41 Guard Tower
07:47 Farm
08:04 Workshop
08:11 Workshop
08:13 Workshop
08:23 Workshop
08:26 Guard Tower
08:26 Guard Tower
08:26 Guard Tower
08:32 Scout Tower
08:33 Scout Tower
08:35 Scout Tower
08:50 Farm
08:51 Farm
08:52 Farm
08:52 Farm
09:14 Guard Tower
09:14 Guard Tower
09:14 Guard Tower
09:16 Guard Tower
09:16 Guard Tower
09:16 Guard Tower
09:40 Guard Tower
09:40 Guard Tower
09:44 Arcane Vault
09:47 Guard Tower
09:47 Guard Tower
09:47 Guard Tower
09:54 Arcane Sanctum
10:04 Gryphon Aviary
11:54 Farm
12:50 Castle
13:29 Farm
13:30 Farm
13:31 Farm
13:33 Farm
13:41 Gryphon Aviary
13:46 Scout Tower
13:47 Scout Tower
14:44 Guard Tower
14:49 Guard Tower
15:03 Blacksmith
bobsyouruncle (
orange | 35 APM | 1025 actions | 29:27)
4 Warden
2 Shadow Strike
2 Blink
1 Archmage
1 Brilliance Aura
» actions
| Assign group hotkey | 22 | |
| Basic commands | 9 | |
| Build / train | 58 | |
| ESC pressed | 6 | |
| Enter build submenu | 20 | |
| Enter hero's abilities submenu | 6 | |
| Give item / drop item | 5 | |
| Right click | 376 | |
| Select / deselect | 190 | |
| Select group hotkey | 269 | |
| Use ability | 63 | |
1025 total
» units
| Wisp | 16 | |
| Druid of the Talon | 10 | |
| Chimaera | 2 | |
28 total
» upgrades
| Strength of the Wild | 3 | |
| Well Spring | 1 | |
| Druid of the Talon Training | 2 | |
| Reinforced Hides | 3 | |
| Mark of the Talon | 1 | |
| Corrosive Breath | 1 | |
| Barrage | 1 | |
| Gunpowder | 1 | |
| Ultravision | 1 | |
14 total
» buildings
| Altar of Elders | 1 | |
| Moon Well | 8 | |
| Tree of Ages | 1 | |
| Hunter's Hall | 2 | |
| Tree of Eternity | 1 | |
| Ancient of Wind | 3 | |
| Chimaera Roost | 1 | |
| Scout Tower | 1 | |
| Guard Tower | 2 | |
20 total
» build order
00:04 Altar of Elders
00:13 Moon Well
02:22 Moon Well
03:37 Tree of Ages
04:39 Moon Well
05:18 Moon Well
05:20 Moon Well
06:32 Moon Well
06:47 Moon Well
07:02 Hunter's Hall
07:06 Hunter's Hall
09:08 Tree of Eternity
10:34 Moon Well
11:20 Ancient of Wind
11:21 Ancient of Wind
11:26 Ancient of Wind
18:23 Chimaera Roost
19:27 Scout Tower
22:22 Guard Tower
22:22 Guard Tower
» items
| Scroll of Regeneration | 1 | |
| Lesser Clarity Potion | 1 | |
| Boots of Speed | 1 | |
| Orb of Lightning | 1 | |
4 total
brucewillisusa (
blue | 61 APM | 1787 actions | 29:27)
9 Blademaster
3 Wind Walk
3 Critical Strike
1 Bladestorm
2 Mirror Image
1 Mountain King
1 Bash
» actions
| Assign group hotkey | 41 | |
| Basic commands | 6 | |
| Build / train | 76 | |
| ESC pressed | 1 | |
| Enter build submenu | 30 | |
| Enter hero's abilities submenu | 10 | |
| Give item / drop item | 10 | |
| Right click | 780 | |
| Select / deselect | 221 | |
| Select group hotkey | 488 | |
| Use ability | 124 | |
1787 total
» units
» upgrades
| Spiked Barricades | 1 | |
| Ranged Weapons | 3 | |
| Liquid Fire | 1 | |
| Reinforced Defenses | 1 | |
| Armor | 4 | |
| Gunpowder | 2 | |
| Plating | 3 | |
| Flak Cannons | 1 | |
| Fragmentation Shards | 1 | |
| Swords | 1 | |
| Sorceress Training | 1 | |
| Priest Training | 1 | |
20 total
» buildings
| Altar of Storms | 1 | |
| Orc Burrow | 8 | |
| War Mill | 1 | |
| Watch Tower | 11 | |
| Voodoo Lounge | 1 | |
| Stronghold | 1 | |
| Great Hall | 1 | |
| Beastiary | 3 | |
| Fortress | 1 | |
| Scout Tower | 3 | |
| Guard Tower | 1 | |
32 total
» build order
00:09 Altar of Storms
00:12 Orc Burrow
00:40 War Mill
01:19 Orc Burrow
01:53 Watch Tower
01:56 Watch Tower
02:26 Voodoo Lounge
02:47 Watch Tower
02:50 Watch Tower
03:30 Stronghold
04:05 Watch Tower
04:06 Watch Tower
04:09 Watch Tower
05:20 Watch Tower
05:21 Watch Tower
05:40 Great Hall
06:29 Watch Tower
06:30 Watch Tower
06:53 Beastiary
06:53 Beastiary
06:56 Beastiary
07:38 Fortress
07:53 Orc Burrow
07:53 Orc Burrow
13:30 Orc Burrow
13:30 Orc Burrow
13:31 Orc Burrow
13:36 Orc Burrow
19:29 Scout Tower
19:30 Scout Tower
19:30 Scout Tower
21:15 Guard Tower
» items
| Scroll of Town Portal | 2 | |
| Orb of Lightning | 1 | |
| Boots of Speed | 1 | |
| Staff of Teleportation | 1 | |
| Lesser Clarity Potion | 1 | |
| Healing Salve | 1 | |
| Tiny Great Hall | 1 | |
8 total
team 2 (loser)
col_dieguin (
yellow | 34 APM | 992 actions | 29:26)
2 Warden
1 Shadow Strike
1 Fan of Knives
1 Priestess of the Moon
1 Trueshot Aura
» actions
| Assign group hotkey | 13 | |
| Basic commands | 4 | |
| Build / train | 61 | |
| Enter build submenu | 25 | |
| Enter hero's abilities submenu | 3 | |
| Right click | 462 | |
| Select / deselect | 262 | |
| Select group hotkey | 120 | |
| Use ability | 42 | |
992 total
» units
| Wisp | 20 | |
| Archer | 5 | |
| Glaive Thrower | 4 | |
| Huntress | 4 | |
| Dryad | 8 | |
| Druid of the Claw | 5 | |
46 total
» upgrades
| Vorpal Blades | 1 | |
| Abolish Magic | 1 | |
| Druid of the Claw Training | 1 | |
3 total
» buildings
| Ancient of War | 2 | |
| Moon Well | 8 | |
| Altar of Elders | 1 | |
| Ancient of Wonders | 1 | |
| Hunter's Hall | 1 | |
| Tree of Ages | 1 | |
| Ancient of Lore | 1 | |
| Tree of Eternity | 2 | |
| Tree of Life | 2 | |
| Ancient Protector | 12 | |
| Ancient of Wind | 1 | |
32 total
» build order
00:16 Ancient of War
00:27 Moon Well
00:40 Altar of Elders
01:57 Moon Well
02:38 Moon Well
03:11 Ancient of Wonders
03:20 Hunter's Hall
04:22 Tree of Ages
04:39 Moon Well
05:40 Ancient of War
05:45 Moon Well
07:48 Ancient of Lore
08:04 Moon Well
09:51 Tree of Eternity
09:52 Tree of Eternity
11:59 Tree of Life
13:30 Ancient Protector
13:43 Ancient of Wind
15:51 Ancient Protector
15:53 Ancient Protector
15:56 Ancient Protector
15:58 Ancient Protector
16:03 Ancient Protector
17:45 Tree of Life
19:31 Moon Well
19:31 Moon Well
22:04 Ancient Protector
22:09 Ancient Protector
22:11 Ancient Protector
23:04 Ancient Protector
23:05 Ancient Protector
23:07 Ancient Protector
» items
| Dust of Appearance | 1 | |
| Potion of Healing | 1 | |
| Scroll of Town Portal | 1 | |
| Orb of Venom | 1 | |
4 total
COL_MARRIOR (
purple | 30 APM | 893 actions | 29:17)
1 Mountain King
1 Storm Bolt
» actions
| Assign group hotkey | 9 | |
| Basic commands | 45 | |
| Build / train | 67 | |
| Enter build submenu | 18 | |
| Enter hero's abilities submenu | 1 | |
| Remove unit from queue | 2 | |
| Right click | 455 | |
| Select / deselect | 258 | |
| Select group hotkey | 7 | |
| Use ability | 31 | |
893 total
» units
| Peasant | 35 | |
| Footman | 8 | |
| Rifleman | 5 | |
| Mortar Team | 4 | |
| Flying Machine | 3 | |
55 total
» upgrades
| Long Rifles | 1 | |
| Fragmentation Shards | 2 | |
| Lumber Harvesting | 1 | |
4 total
» buildings
| Altar of Kings | 1 | |
| Barracks | 2 | |
| Farm | 7 | |
| Blacksmith | 1 | |
| Keep | 1 | |
| Castle | 1 | |
| Workshop | 2 | |
| Scout Tower | 2 | |
| Lumber Mill | 1 | |
| Guard Tower | 1 | |
19 total
» build order
00:09 Altar of Kings
00:15 Barracks
00:24 Farm
00:43 Farm
01:45 Farm
02:25 Farm
02:58 Blacksmith
04:03 Barracks
04:09 Farm
05:33 Keep
08:24 Castle
08:30 Workshop
08:42 Workshop
10:06 Farm
10:11 Farm
15:41 Scout Tower
17:41 Scout Tower
18:19 Lumber Mill
20:11 Guard Tower
» items
col_oskillar (
green | 38 APM | 1111 actions | 29:22)
4 Keeper of the Grove
2 Entangling Roots
2 Thorns Aura
» actions
| Assign group hotkey | 22 | |
| Build / train | 61 | |
| ESC pressed | 3 | |
| Enter build submenu | 21 | |
| Enter hero's abilities submenu | 5 | |
| Right click | 644 | |
| Select / deselect | 270 | |
| Select group hotkey | 49 | |
| Use ability | 36 | |
1111 total
» units
| Wisp | 21 | |
| Archer | 2 | |
| Huntress | 6 | |
| Glaive Thrower | 3 | |
| Razormane Medicine Man | 1 | |
| Harpy Rogue | 1 | |
| Hippogryph | 7 | |
| Chimaera | 8 | |
49 total
» upgrades
| Ultravision | 1 | |
| Vorpal Blades | 1 | |
| Well Spring | 1 | |
| Upgrade Moon Glaive | 1 | |
| Corrosive Breath | 1 | |
5 total
» buildings
| Altar of Elders | 1 | |
| Ancient of War | 2 | |
| Moon Well | 9 | |
| Hunter's Hall | 1 | |
| Ancient Protector | 1 | |
| Tree of Ages | 1 | |
| Tree of Life | 1 | |
| Tree of Eternity | 1 | |
| Ancient of Wind | 2 | |
| Chimaera Roost | 3 | |
22 total
» build order
00:24 Altar of Elders
00:36 Ancient of War
00:49 Moon Well
01:51 Hunter's Hall
02:19 Ancient of War
02:29 Moon Well
03:57 Ancient Protector
04:02 Moon Well
04:33 Tree of Ages
05:09 Moon Well
07:24 Moon Well
08:12 Tree of Life
09:00 Tree of Eternity
11:19 Ancient of Wind
12:03 Moon Well
12:04 Moon Well
12:53 Chimaera Roost
12:54 Chimaera Roost
13:46 Moon Well
13:58 Chimaera Roost
14:40 Ancient of Wind
17:50 Moon Well
Chat log
(00:18 / Allies) brucewillisusa: bot boy finally got bored of his bot
(00:34 / Allies) brucewillisusa: micahel gold
(01:01 / Allies) brucewillisusa: get mk tommy
(01:03 / Allies) brucewillisusa: anmd michael get warden
(01:04 / Allies) brucewillisusa: warden
(01:05 / Allies) brucewillisusa: WARDEN
(01:19 / Allies) bobsyouruncle: almost got anther dagda
(01:23 / Allies) brucewillisusa: shadow strike warden
(02:07 / Allies) brucewillisusa: we can killa kotg
(02:09 / Allies) brucewillisusa: meet up heros
(02:52 / Allies) brucewillisusa: gogo
(02:53 / Allies) brucewillisusa: kotg
(03:28 / Allies) brucewillisusa: b
(03:36 / Allies) avid.milk2: holz
(03:53 / Allies) brucewillisusa: why
(03:56 / Allies) brucewillisusa: when we got massive
(03:57 / Allies) brucewillisusa: inc
(03:59 / Allies) brucewillisusa: wouidl u suicide hero
(04:25 / Allies) brucewillisusa: up those
(04:39 / Allies) brucewillisusa: michael lure creeps
(04:42 / Allies) brucewillisusa: for expos
(05:15 / Allies) brucewillisusa: try go get the xp
(05:16 / Allies) brucewillisusa: if uc an
(05:49 / Allies) brucewillisusa: they already have seige
(05:54 / Allies) brucewillisusa: so get morts
(05:56 / Allies) brucewillisusa: before anything else
(05:57 / Allies) brucewillisusa: k>?
(06:03 / Allies) brucewillisusa: morts first
(06:20 / All) brucewillisusa: iom invis idiots stop following me
(06:40 / Allies) brucewillisusa: michael wood
(07:08 / Allies) avid.milk2: expo gold
(07:10 / Allies) avid.milk2: gold for one
(07:37 / Allies) brucewillisusa: michael wood
(07:45 / Allies) brucewillisusa: 400 wood
(07:58 / Allies) avid.milk2: i can start making mort shacks now if you give me gold
(08:19 / Allies) avid.milk2: wood
(08:47 / Allies) bobsyouruncle: creep a shop in mid?
(08:48 / Allies) brucewillisusa: inc ballistas
(09:10 / Allies) brucewillisusa: stop towering till u have morts
(09:12 / Allies) brucewillisusa: no towers at all
(09:13 / Allies) brucewillisusa: until morts
(09:21 / Allies) avid.milk2: money
(10:09 / Allies) brucewillisusa: send morts
(10:10 / Allies) brucewillisusa: left
(10:13 / Allies) avid.milk2: i have an am now
(11:02 / Allies) brucewillisusa: told u morts liek 12 minutes ago
(11:04 / Allies) brucewillisusa: get them seoon
(11:55 / Allies) brucewillisusa: michael feel free to crept his game
(11:58 / Allies) brucewillisusa: warden is good
(11:59 / Allies) avid.milk2: im over food
(12:00 / Allies) brucewillisusa: kotg isnt
(12:07 / Allies) brucewillisusa: get under foot
(12:12 / Allies) brucewillisusa: wtf
(12:13 / Allies) brucewillisusa: way too early
(13:20 / Allies) bobsyouruncle: commin roy tover
(13:39 / All) brucewillisusa: whats up with the names
(13:41 / All) brucewillisusa: u guys in a clan?
(13:55 / Allies) bobsyouruncle: 1 or 2 chims or just druids?
(14:06 / Allies) brucewillisusa: 1-2 chims
(14:07 / Allies) brucewillisusa: stay under 50
(14:15 / Allies) avid.milk2: dont move
(14:17 / Allies) avid.milk2: traityor
(14:18 / Allies) avid.milk2: taritoiteoitoe
(14:24 / Allies) avid.milk2: creep it alone
(14:25 / Allies) avid.milk2: you bag
(15:03 / All) brucewillisusa: u guys are bad bad bad
(15:19 / All) brucewillisusa: whats ur game plan?
(15:30 / All) brucewillisusa: walk troops in circles till defeat screen comes up?
(15:43 / All) col_dieguin: leave
(17:08 / Allies) bobsyouruncle: idk what to do with tommy
(17:16 / Allies) brucewillisusa: jsut leav ehim
(17:27 / Allies) brucewillisusa: creep am
(18:04 / Allies) brucewillisusa: get a dott up
(19:01 / Allies) brucewillisusa: rebuild tower walls
(19:51 / Allies) bobsyouruncle: get tanks?
(19:58 / Allies) brucewillisusa: no
(19:59 / Allies) brucewillisusa: stay 50
(20:09 / Allies) bobsyouruncle: later i mean?
(20:13 / Allies) brucewillisusa: ya later
(20:16 / Allies) brucewillisusa: get dotts on perch
(20:17 / Allies) brucewillisusa: lets clear it now
(20:30 / Allies) brucewillisusa: get the well upgade
(22:23 / All) brucewillisusa: jsut leave
(22:25 / All) brucewillisusa: thsi is boring
(22:26 / All) brucewillisusa: ur too bad
(24:43 / Allies) bobsyouruncle: researching swords?
(24:57 / Allies) brucewillisusa: meh
(24:58 / Allies) brucewillisusa: may as well
(25:40 / All) col_dieguin: you are so bad
(25:45 / All) brucewillisusa: lol??
(25:50 / All) col_dieguin: I'm borin
(26:01 / Allies) bobsyouruncle: brazilian
(26:21 / All) col_dieguin: it's your firts time, gg
(26:32 / All) brucewillisusa: brazillian./
(26:39 / All) brucewillisusa: brown skin
(26:42 / All) brucewillisusa: right?
(26:52 / All) col_dieguin: I hate dota brazil
(26:56 / All) brucewillisusa: LOL
(27:11 / All) bobsyouruncle: pepperbelly
(29:21 / All) brucewillisusa: shitty niggers